 Dungeon Crawl Stone Soup version 0.28.0 (webtiles) character file.

Game seed: 12715420856342253432

1941 Zeld the Thaumaturge (level 8, -4/41 HPs)
             Began as a Deep Elf Fire Elementalist on Feb 18, 2022.
             Was an Initiate of Vehumet.
             Killed by nerve-wracking pain
             ... invoked by an orc priest
              (11 damage)
             ... on level 7 of the Dungeon.
             The game lasted 00:07:28 (8029 turns).

Zeld the Thaumaturge (Deep Elf Fire Elementalist)   Turns: 8029, Time: 00:07:28

Health: -4/41      AC:  4    Str:  5    XL:     8   Next: 98%
Magic:  32/32      EV: 14    Int: 23    God:    Vehumet [......]
Gold:   143        SH:  5    Dex: 22    Spells: 15/25 levels left

rFire   . . .      SeeInvis .   (no weapon)
rCold   . . .      Faith    .   (no shield)
rNeg    . . .      Spirit   .   a - +0 robe
rPois   .          Reflect  +   q - +0 hat of Vehumet's Respect {rElec Dex+7}
rElec   +          Harm     .   A - +0 cloak
rCorr   .          Rampage  .   (no gloves)
Will    .....                   w - +0 pair of boots
Stlth   ++++......              f - amulet of reflection
HPRegen 0.13/turn               z - ring of magical power
MPRegen 0.23/turn               (no ring)

@: marked
A: no striking features
a: Renounce Religion


You were on level 7 of the Dungeon.
You worshipped Vehumet.
Vehumet was noncommittal.
You visited 2 branches of the dungeon, and saw 8 of its levels.
You also visited: Sewer and Ossuary.

You collected 437 gold pieces.
You spent 294 gold pieces at shops.

Inventory:

Armour
 a - a +0 robe (worn)
 q - the +0 hat of Vehumet's Respect (worn) {rElec Dex+7}
   (You found it on level 4 of the Dungeon)

   Dex:       It affects your dexterity (+7).
   rElec:     It insulates you from electricity.
 w - a +0 pair of boots (worn)
 A - a +0 cloak (worn)
Jewellery
 f - an amulet of reflection (around neck)
 l - a ring of resist corrosion
 z - a ring of magical power (left hand)
Wands
 u - a wand of paralysis (13)
Scrolls
 b - 5 scrolls of teleportation {unknown}
 d - 2 scrolls of magic mapping {unknown}
 e - 5 scrolls of identify {unknown}
 i - 2 scrolls of torment {unknown}
 p - 2 scrolls of amnesia {unknown}
 r - a scroll of vulnerability {unknown}
 s - 2 scrolls of fear {unknown}
 v - a scroll of enchant weapon {unknown}
 y - 2 scrolls of noise {unknown}
Potions
 c - 7 potions of flight
 g - a potion of haste {unknown}
 h - a potion of might {unknown}
 j - 2 potions of brilliance {unknown}
 k - 2 potions of resistance
 m - 6 potions of curing
 n - 2 potions of degeneration {unknown}
 o - 5 potions of lignification {unknown}
 t - 4 potions of mutation {unknown}
 x - a potion of magic
 B - a potion of attraction {unknown}


   Skills:
 - Level 4.0 Dodging
 - Level 6.0 Stealth
 * Level 9.3 Spellcasting
 + Level 5.0 Conjurations
 * Level 8.0 Fire Magic


You had 15 spell levels left.
You knew the following spells:

 Your Spells              Type           Power      Damage    Failure   Level
a - Foxfire               Conj/Fire      100%       2x1d9     1%          1
b - Scorch                Fire           94%        2d9       1%          2
c - Inner Flame           Hex/Fire       29%        N/A       3%          3
d - Flame Wave            Conj/Fire      40%        2d9       4%          4

Your spell library contained the following spells:

 Spells                   Type           Power      Damage    Failure   Level
 Conjure Flame            Conj/Fire      40%        6-21      1%          3
 Sting                    Tmut/Pois      40%        1d5       6%          1
 Ozocubu's Armour         Ice            10%        N/A       19%         3
 Metabolic Englaciation   Hex/Ice        5%         N/A       86%         5
 Simulacrum               Ice/Necr       5%         N/A       100%        6


Dungeon Overview and Level Annotations

Branches:
Dungeon (7/15)             Temple (1/1) D:6           Sewer (visited)
Ossuary (visited)

Altars:
Ashenzari
Cheibriados
Dithmenos
Elyvilon
Fedhas
Hepliaklqana
Kikubaaqudgha
Makhleb
Nemelex Xobeh
Okawaru
Qazlal
Trog
Uskayaw
Vehumet
Wu Jian
Xom

Shops:
D:6 =(*:

Annotations:
D:6 7 exclusions
D:7 Harold


Message History

Harold throws a throwing net.
The throwing net hits you.
You become entangled in the net!
You see here a throwing net.
You struggle against the net.
You struggle against the net.
You struggle against the net.
The orc priest hits you with a +0 club.
You struggle against the net.
Harold closely misses you. The orc priest barely misses you.
You rip the net and break free!
Harold fires a harpoon shot at you. The harpoon shot hits you!
You are yanked forward by the harpoon shot.
The orc priest looks satisfied for a moment.
Harold throws a throwing net.
The throwing net hits you.
You become entangled in the net!
You see here a throwing net.
You struggle against the net.
Harold hits you from afar with a +0 trident!
* * * LOW HITPOINT WARNING * * *
The orc priest mumbles some strange prayers to Beogh against you.
Pain shoots through your body!
* * * LOW HITPOINT WARNING * * *
You tear a large gash into the net.
Something hits you.
* * * LOW HITPOINT WARNING * * *
Harold fires a harpoon shot at you.
The harpoon shot hits something!!
Reactivating autopickup.
You feel a bit more experienced.
The orc priest mumbles some strange prayers to Beogh against you.
You struggle to resist.
Unknown command.
You rip the net and break free!
Harold fires a harpoon shot at you.
The harpoon shot reflects off an invisible shield around you!
The harpoon shot hits Harold!
You block the orc priest's attack.
Unknown command.
Harold says, "Listen, it's nothing personal.
It's just a job."
The orc priest mumbles some strange prayers to Beogh against you.
Pain shoots through your body!
You die...

.....[).....## ..
#..../.....####.#
#.#..........##.#
#..........##.#
#........(.##.##
#..............#
######.).......#
##.@o.....#
#....@<...#
#.........#
#.....##.##
#.....##.#
#.######.# #. #.#
#. #.# #.# #.#


You could see Harold and an orc priest.

Vanquished Creatures
  Sigmund (D:2)
  An orc warrior (D:6)
  A necrophage (D:5)
  An ogre (D:4)
  A centaur (D:6)
  2 kobold brigands (Sewer)
  4 elf zombies (Ossuary)
  A scorpion (D:5)
  A water moccasin skeleton (D:5)
  5 centaur zombies (Ossuary)
  A jelly (D:4)
  A bullfrog skeleton (D:7)
  2 hounds
  Crazy Yiuf (D:6)
  A gnoll shaman (D:6)
  An orc priest (D:6)
  3 human zombies (Ossuary)
  An iguana (D:6)
  Terence (D:2)
  An orc wizard (D:7)
  3 mummies (Ossuary)
  A howler monkey zombie (D:6)
  12 adders
  10 gnolls
  A river rat (Sewer)
  A white imp (D:5)
  An ufetubus (D:6)
  An adder skeleton (D:5)
  2 worms
  A dart slug (D:2)
  3 orcs (D:6)
  6 bats
  9 endoplasms
  4 giant cockroaches
  9 goblins
  7 hobgoblins
  2 jackals (Sewer)
  A quokka (D:2)
  8 ball pythons
  2 frilled lizards
  9 kobolds
  9 rats
133 creatures vanquished.

Vanquished Creatures (collateral kills)
  2 foxfires (D:1)
2 creatures vanquished.

Vanquished Creatures (others)
  An orc wizard (D:7)
  280 foxfires
281 creatures vanquished.

Grand Total: 416 creatures vanquished

Notes
Turn   | Place    | Note
-------+----------+-------------------------------------------
     0 | D:1      | Zeld the Deep Elf Fire Elementalist began the quest for the
                  | Orb.
     0 | D:1      | Reached XP level 1. HP: 10/10 MP: 6/6
   175 | D:1      | Found a faded altar of an unknown god.
   178 | D:1      | Got Plato's Collected Works on Intoxication
   316 | D:1      | Reached XP level 2. HP: 15/15 MP: 6/8
   355 | D:1      | Learned a level 2 spell: Scorch
  1266 | D:2      | Reached XP level 3. HP: 19/19 MP: 6/10
  1270 | D:2      | Learned a level 3 spell: Inner Flame
  1711 | D:2      | Reached skill level 4 in Spellcasting
  1737 | D:2      | Reached XP level 4. HP: 23/24 MP: 3/12
  1742 | D:2      | Learned a level 4 spell: Flame Wave
  1868 | D:2      | Noticed Sigmund
  1872 | D:2      | Killed Sigmund
  1873 | D:2      | Reached skill level 5 in Spellcasting
  1873 | D:2      | Reached XP level 5. HP: 22/28 MP: 6/14
  2060 | D:2      | Noticed Terence
  2066 | D:2      | Killed Terence
  2518 | D:3      | Reached XP level 6. HP: 32/32 MP: 10/15
  2992 | D:3      | Found a snail-covered altar of Cheibriados.
  3095 | D:3      | Found a hide-covered altar of Uskayaw.
  3224 | D:3      | Reached skill level 5 in Fire Magic
  3332 | D:3      | Found a blossoming altar of Fedhas.
  3538 | D:4      | Found a stormy altar of Qazlal.
  3974 | D:4      | Identified the +0 hat of Vehumet's Respect {rElec Dex+7}
  4206 | D:4      | Reached skill level 6 in Spellcasting
  4249 | D:4      | Reached XP level 7. HP: 36/36 MP: 15/18
  4510 | D:5      | Entered Level 5 of the Dungeon
  5145 | D:6      | Found Zourimm's Antique Weapon Shop.
  5369 | D:6      | Reached skill level 5 in Stealth
  5369 | D:6      | Reached skill level 7 in Spellcasting
  5384 | D:6      | Found a staircase to the Ecumenical Temple.
  5404 | Temple   | Entered the Ecumenical Temple
  5571 | D:6      | Found Elil's General Store.
  5575 | D:6      | Bought a potion of magic for 112 gold pieces
  5575 | D:6      | Bought a potion of resistance for 140 gold pieces
  5575 | D:6      | Bought a potion of flight for 42 gold pieces
  5701 | D:6      | Found a glowing drain.
  5714 | Sewer    | Entered a sewer
  5868 | Sewer    | Reached XP level 8. HP: 16/41 MP: 15/21
  6210 | Sewer    | Found a glowing silver altar of Zin.
  6672 | D:6      | Found an ancient bone altar of Kikubaaqudgha.
  6674 | D:6      | Found a radiant altar of Vehumet.
  6676 | D:6      | Found a white marble altar of Elyvilon.
  6681 | D:6      | Became a worshipper of Vehumet
  6757 | D:6      | Found Viwn's Book Shop.
  6839 | D:6      | Reached skill level 8 in Spellcasting
  6914 | D:6      | Found Hiskokix's Jewellery Shoppe.
  6942 | D:6      | Found a runed translucent door.
  6943 | D:6      | Noticed Crazy Yiuf
  7171 | D:6      | Killed Crazy Yiuf
  7230 | D:7      | Found a sand-covered staircase.
  7239 | Ossuary  | Entered an ossuary
  7814 | Ossuary  | Reached skill level 9 in Spellcasting
  7819 | Ossuary  | Reached skill level 5 in Conjurations
  8012 | D:7      | Noticed Harold
  8029 | D:7      | Killed from afar by an orc priest

Illustrated notes

Levels and vault maps discovered:
D:1:      lemuel_arrival_funnel, layout_loops_ring,
          shapermc_ecumenical_altar_rom_forum
D:2:      layout_basic, uniq_sigmund, uniq_terence
D:3:      layout_loops_ring, nicolae_overflow_hidden_temple,
          mainiacjoe_overflow_small_starburst, mainiacjoe_overflow_boulevard,
          minivault_14
D:4:      layout_basic, mainiacjoe_overflow_concentric_impassable,
          roderic_lattice_a
D:5:      layout_basic
D:6:      layout_basic, grunt_temple_overflow_diamond,
          minmay_temple_entry_waves, serial_shops, nicolae_shop_statue_plus,
          nicolae_diamond_shop, kennysheep_mini_moat, shop_statue,
          cheibrodos_sewer_entry_drain, centaur_isle, uniq_crazy_yiuf_cottage
D:7:      layout_basic, enter_ossuary_1, uniq_harold
Temple:   compressed_dpeg_triangle_lava_temple

Skill      XL: |  1  2  3  4  5  6  7  8 |
---------------+-------------------------+-----
Stealth        | 3 4 5 6 |  6.0
Spellcasting   | 4 5 6 7 9 |  9.3
Fire Magic     | 4 5 6 8 |  8.0
Dodging        | 3 4 |  4.0
Conjurations   | 2 3 5 |  5.0

Action                   |  1- 3 |  4- 6 |  7- 9 || total
-------------------------+-------+-------+-------++-------
 Cast: Foxfire           |    72 |    54 |    46 ||   172
       Scorch            |     8 |    25 |    65 ||    98
       Flame Wave        |       |     1 |     6 ||     7
Armor: Robe              |     5 |       |    24 ||    29
Dodge: Dodged            |     6 |     7 |    59 ||    72
Block: Other             |     2 |     1 |    25 ||    28
       Reflection        |       |       |     3 ||     3
